 Dungeon Crawl Stone Soup version 0.15-a0-2151-gce93697 (webtiles) character file.

207 PolkaDot the Ruffian (level 5, -4/50 HPs)
             Began as a Troll Monk on July 18, 2014.
             Slain by vYxOr's ghost (35 damage)
             ... on Level 5 of the Dungeon.
             The game lasted 00:07:29 (2473 turns).

PolkaDot the Ruffian (Troll Monk)                   Turns: 2473, Time: 00:07:29

HP  -4/50        AC  5     Str 19      XL: 5   Next: 54%
MP   2/2         EV 10     Int  6      God:
Gold 143         SH  0     Dex 13      Spells:  0 memorised,  4 levels left

rFire  . . .     SeeInvis +       - Unarmed
rCold  . . .     Clarity  .     a - +0 robe
rNeg   . . .     rCorr    .     (shield restricted)
rPois  +         rRot     .     (helmet restricted)
rElec  .         Spirit   .     (no cloak)
SustAb .         Warding  .     (gloves unavailable)
rMut   .         Stasis   .     (boots unavailable)
Gourm  +                        (no amulet)
MR     .....                    j - ring of see invisible
                                u - ring of poison resistance

@: not resistant to hostile enchantments, very unstealthy
A: unfitting armour, claws 3, fast metabolism 3, gourmand, regeneration 2,
saprovore 2, shaggy fur 1, tough skin 2
a: no special abilities


You were on level 5 of the Dungeon.
You were completely stuffed.

You visited 1 branch of the dungeon, and saw 5 of its levels.

You collected 143 gold pieces.

Inventory:

Armour
 a - a +0 robe (worn)
Magical devices
 p - a wand of lightning (4)
Comestibles
 b - 4 meat rations
 k - a chunk of worm flesh {@w1}
Scrolls
 f - a scroll of remove curse {unknown}
 g - a scroll of random uselessness {unknown}
 h - a scroll of identify {unknown}
 i - a scroll of immolation {unknown}
 l - 3 scrolls of teleportation {unknown}
 m - a scroll of fog {unknown}
 t - a scroll of amnesia {unknown}
 w - a scroll of recharging {unknown}
Jewellery
 j - a ring of see invisible (right claw)
 o - a +4 ring of intelligence
 u - a ring of poison resistance (left claw)
Potions
 c - 2 potions of heal wounds
 d - a potion of might {unknown}
 e - a potion of resistance {unknown}
 n - a potion of curing {unknown}


   Skills:
 - Level 2.4 Fighting
 - Level 2.4 Dodging
 - Level 1.1 Stealth
 + Level 6.9 Unarmed Combat


You had 4 spell levels left.
You didn't know any spells.

Dungeon Overview and Level Annotations

Branches:
Dungeon (5/15)             Temple (0/1) D:4

Altars:
Okawaru
Yredelemnul

Shops:
D:4 ((%[:

Annotations:
D:5 vYxOr's ghost, experienced OgFi


Innate Abilities, Weirdness & Mutations

You are too large for most types of armour.
You have claws for hands.
Your metabolism is lightning-fast.
You like to eat raw meat.
You heal very quickly.
You can eat rotten meat.
You are covered in fur (AC +1).
You have very tough skin (AC +2).


Message History

VYxOr's ghost (experienced Ogre Fighter) comes into view.
VYxOr's ghost moves out of view.
VYxOr's ghost turns its malevolent gaze towards you.
VYxOr's ghost whispers, "There is no future for you."
VYxOr's ghost is too close now for your liking.
You claw vYxOr's ghost!
VYxOr's ghost is lightly damaged.
VYxOr's ghost hits you!!
You are too injured to fight recklessly!
You are too injured to fight recklessly!
Drink which item? (? for menu, Esc to quit)
You feel much better.
It was a potion of heal wounds.
VYxOr's ghost hits you!
You closely miss vYxOr's ghost.
VYxOr's ghost is lightly damaged.
VYxOr's ghost hits you!
You completely miss vYxOr's ghost.
VYxOr's ghost is lightly damaged.
VYxOr's ghost hits you!!
Ouch! That really hurt!
You die...

.# #....# .# #....#
####### #....# #.....#
#....# '.....# #....#
#.....# #....# #.....#
#....#
####..####....#######....
##..............@...).+
#...#..........#W......#
.....+........<.#.....^.
.....#..........+.......
###+##..........#.......
......^....#......
............###+##
..##+#####... # . +...


You could see vYxOr's ghost.

Vanquished Creatures
  A crimson imp (D:3)
  2 worker ants (D:4)
  3 adders
  2 giant mites (D:3)
  2 worms
  2 giant geckos (D:4)
  2 oozes
  4 orcs (D:3)
  7 bats
  5 giant cockroaches
  11 hobgoblins
  2 jackals (D:3)
  9 kobolds
  2 ball pythons
  A giant gecko skeleton (D:3)
  2 giant newts (D:3)
  4 goblins
  A hobgoblin skeleton (D:4)
  4 rats
  A rat skeleton (D:4)
67 creatures vanquished.

Vanquished Creatures (others)
  A kobold (D:3)
1 creature vanquished.

Grand Total: 68 creatures vanquished

Notes
Turn   | Place    | Note
--------------------------------------------------------------
     0 | D:1      | PolkaDot, the Troll Monk, began the quest for the Orb.
     0 | D:1      | Reached XP level 1. HP: 22/22 MP: 1/1
   168 | D:1      | Reached XP level 2. HP: 29/29 MP: 1/1
   567 | D:2      | Reached skill level 5 in Unarmed Combat
   567 | D:2      | Reached XP level 3. HP: 36/36 MP: 2/2
   693 | D:2      | Found an iron altar of Okawaru.
   693 | D:2      | Found a basalt altar of Yredelemnul.
  1008 | D:3      | Reached XP level 4. HP: 37/44 MP: 2/2
  1108 | D:3      | Reached skill level 6 in Unarmed Combat
  1503 | D:3      | Reached XP level 5. HP: 47/50 MP: 2/2
  1690 | D:4      | Found Deez's Armour Emporium.
  1924 | D:4      | Found a staircase to the Ecumenical Temple.
  1988 | D:4      | Found Tigaar's Book Shoppe.
  2061 | D:4      | Found Uvioqer's Food Shoppe.
  2093 | D:4      | Found Yrupt's Weapon Boutique.
  2108 | D:4      | Found Chacw's Weapon Shop.
  2387 | D:5      | Entered Level 5 of the Dungeon
  2468 | D:5      | Noticed vYxOr's ghost (experienced OgFi)
  2473 | D:5      | Slain by vYxOr's ghost

Action                   |  1- 3 |  4- 6 || total
-------------------------+-------+-------++-------
Melee: Unarmed           |    83 |    89 ||   172
  Use: Potion            |       |     1 ||     1
 Stab: Sleeping          |     1 |     1 ||     2
  Eat: Chunk             |    10 |    18 ||    28
